[Event "*** SCC Grand Prix: Titled Tuesday Blitz"]
[Site "Chess.com"]
[Date "2020.06.02"]
[Round "10"]
[White "VladimirBugayev"]
[Black "CroissantNeuf"]
[Result "0-1"]
[WhiteElo "2183"]
[BlackElo "2388"]
[TimeControl "180+1"]
[EndTime "11:57:50 PDT"]
[Termination "CroissantNeuf won by resignation"]

1. e4 c6 2. d4 d5 3. f3 e6 4. Nc3 Bb4 5. Nh3 Ne7 6. Be3 O-O 7. a3 Ba5 8. b4 Bb6 9. Nf2 e5 10.
exd5 Nf5 11. Bd2 exd4 12. Na4 cxd5 13. Nxb6 Qxb6 14. Be2 Nc6 15. O-O Re8 16. Nd3 Ne3 17. Bxe3 dxe3 18. f4 Bg4 19. Kh1 Bxe2 20. Qxe2 Nd4 21.
Qg4 e2 22. Rfc1 Rac8 23. f5 Re4 24. Qh3 Nxc2 25. f6 Qe6 26. Qg3 Qxf6 27. Nc5 Nxa1 28. h3 Qf1+ 29. Rxf1 exf1=Q+ 30. Kh2 Qf4 0-1

[Event "*** SCC Grand Prix: Titled Tuesday Blitz"]
[Site "Chess.com"]
[Date "2020.06.02"]
[Round "10"]
[White "angryhorse9"]
[Black "allvim"]
[Result "1-0"]
[WhiteElo "2426"]
[BlackElo "2297"]
[TimeControl "180+1"]
[EndTime "11:57:50 PDT"]
[Termination "angryhorse9 won by resignation"]

1. c4 e5 2. Nf3 Nf6 3. Nxe5 d6 4. Nf3 Be7 5. e3 O-O 6. d4 Nc6 7. Be2 Bg4 8. O-O Qd7 9. Nc3 Rfe8 10. h3 Bh5 11. d5 Nb8 12. Nd4 Bxe2 13. Qxe2 Bf8 14.
Qc2 Na6 15. e4 Nc5 16. f3 Re5 17. b4 Na6 18. a3 Rh5 19. g4 Re5 20. Bf4 Ree8 21. Rae1 Rad8 22. Bg3 h6 23. f4 Nh7 24.
Nf5 g6 25. Nd4 Bg7 26. e5 h5 27. Qd1 Re7 28. e6 fxe6 29. dxe6 Qe8 30. f5 gxf5 31. gxf5 Bf6 32. Nd5 Rg7 33. Kh2 c6 34. Nxf6+ Nxf6 35. Bh4 Qe7 36. Rg1 Kh7 37. Rxg7+ Qxg7 38. Rg1 Qh6 39. Rg6 Qf4+ 40. Bg3 Qe4 41. Rxf6 Rg8 42. Qxh5+ 1-0

[Event "*** SCC Grand Prix: Titled Tuesday Blitz"]
[Site "Chess.com"]
[Date "2020.06.02"]
[Round "10"]
[White "konradrutkowski"]
[Black "Oglob71"]
[Result "0-1"]
[WhiteElo "2365"]
[BlackElo "2520"]
[TimeControl "180+1"]
[EndTime "11:57:51 PDT"]
[Termination "Oglob71 won on time"]

1. e4 c5 2. Nf3 d6 3. d4 cxd4 4.
Nxd4 Nf6 5. Nc3 Nc6 6. Bc4 Bd7 7. Bb3 Rc8 8. Be3 a6 9. Qe2 Na5 10. O-O-O Nxb3+ 11. axb3 b5 12. Bg5 e6 13. f4 b4 14.
e5 bxc3 15. exf6 gxf6 16. Bh4 cxb2+ 17. Kxb2 Be7 18. Rhe1 Qc7 19. Nf5 Bb5 20. c4 Bc6 21. Qe3 Rg8 22. g3 Rg6 23. Qd4 d5 24. Nxe7 Qxe7 25.
f5 Rh6 26. fxe6 fxe6 27. Qf4 Rg6 28. cxd5 Bd7 29. dxe6 Bb5 30. Rd6 Kf8 31. Rf1 Kg7 0-1

[Event "*** SCC Grand Prix: Titled Tuesday Blitz"]
[Site "Chess.com"]
[Date "2020.06.02"]
[Round "10"]
[White "Jenia84"]
[Black "LuckSlayeer"]
[Result "1-0"]
[WhiteElo "2265"]
[BlackElo "2448"]
[TimeControl "180+1"]
[EndTime "11:57:51 PDT"]
[Termination "Jenia84 won by resignation"]

1. Nf3 d5 2. b3 Nf6 3. Bb2 g6 4. e3 Bg7 5. c4 O-O 6. cxd5 Nxd5 7.
Bxg7 Kxg7 8. Nc3 c5 9. Nxd5 Qxd5 10. Bc4 Qd6 11. d4 Bg4 12. dxc5 Qxc5 13. Qd4+ Qxd4 14. Nxd4 e5 15. Nb5 Nc6 16. f3 Bd7 17. Rd1 Rfd8 18. Nd6 Be6 19. Bxe6 fxe6 20. Nxb7 Rxd1+ 21. Kxd1 Nb4 22. a3 Nd5 23. Kd2 Rb8 24. Nc5 Kf7 25.
Rc1 a5 26. g3 Rd8 27. Ke2 Rc8 28. e4 Nb6 29. Nd3 Rd8 30. Nxe5+ Kf6 31. f4 Rb8 32. Rc6 Rb7 33. Rxb6 1-0

[Event "*** SCC Grand Prix: Titled Tuesday Blitz"]
[Site "Chess.com"]
[Date "2020.06.02"]
[Round "10"]
[White "dosto07"]
[Black "mikerahal"]
[Result "1/2-1/2"]
[WhiteElo "2095"]
[BlackElo "2238"]
[TimeControl "180+1"]
[EndTime "11:57:52 PDT"]
[Termination "Game drawn by repetition"]

1. e4 e6 2. d4 d5 3. Nd2 c5 4. exd5 Qxd5 5. Ngf3 cxd4 6. Bc4 Qd7 7. O-O Nc6 8. Nb3 Nf6 9. Nbxd4 Nxd4 10. Nxd4 a6 11.
Bg5 Bc5 12. Nb3 Bd6 13. Qf3 Qe7 14. Rad1 O-O 15. Rfe1 h6 16. Bxf6 gxf6 17. Qh5 Kh7 18. Bd3+ f5 19. Bxf5+ Kg7 20. Qg4+ Kh8 21. Qd4+ Kg8 22.
Qxd6 Qxd6 23. Rxd6 exf5 24. Rxh6 Kg7 25. Rd6 Be6 26.
Nc5 Rac8 27. Nxe6+ fxe6 28. c3 Rcd8 29. Rdxe6 Rd2 30.
R6e2 Rd5 31. g3 Rfd8 32. Re7+ Kf6 33. Rxb7 Rd2 34. Rb6+ Kf7 35. Kg2 Rc2 36. h4 Rdd2 37. Rf1 a5 38. a4 Re2 39. Rb5 Kg6 40. Rxa5 Rxb2 41. Ra6+ Kg7 42. Ra5 Kg6 43. Ra6+ Kg7 44. Ra5 Kg6 1/2-1/2

[Event "*** SCC Grand Prix: Titled Tuesday Blitz"]
[Site "Chess.com"]
[Date "2020.06.02"]
[Round "10"]
[White "Semetey"]
[Black "Gerodot71"]
[Result "0-1"]
[WhiteElo "2529"]
[BlackElo "2407"]
[TimeControl "180+1"]
[EndTime "11:57:53 PDT"]
[Termination "Gerodot71 won by resignation"]

1. d4 Nf6 2. Nf3 d5 3. Bf4 c5 4. e3 Nc6 5. c3 Qb6 6. Qc2 g6 7. Bd3 c4 8. Be2 Bf5 9. Qc1 Bg7 10. Nbd2 O-O 11. h3 Rfc8 12. O-O Qd8 13. Rd1 b5 14. a3 a5 15. Ne5 Qb6 16. Bf3 Nxe5 17. Bxe5 Qe6 18. Re1 Be4 19. Bxf6 exf6 20. Bxe4 dxe4 21. Qc2 f5 22. b3 cxb3 23. Nxb3 Qc4 24. Rec1 Bf8 25.
a4 b4 26. Nd2 Qxc3 27. Qxc3 bxc3 28. Nb3 Bb4 29. Rc2 Kf8 30. Rac1 Ke7 31. Kf1 Kd6 32. Ke2 Kd5 33. Nc5 Bxc5 34. Rxc3 Kd6 35. Rxc5 Rxc5 36.
Rxc5 Ra7 37. Kd2 Ke6 38. Kc3 Kd6 39. Kc4 Ra8 40. d5 Ke5 41. f4+ exf3 42. gxf3 f4 43. e4 f5 44. Rc7 fxe4 45. Re7+ Kd6 46. Re6+ Kd7 47. Rxe4 Rb8 48. Rxf4 Rb4+ 49. Kc5 Rxf4 0-1

[Event "*** SCC Grand Prix: Titled Tuesday Blitz"]
[Site "Chess.com"]
[Date "2020.06.02"]
[Round "10"]
[White "H16"]
[Black "mattcolins2025"]
[Result "0-1"]
[WhiteElo "2507"]
[BlackElo "2389"]
[TimeControl "180+1"]
[EndTime "11:57:53 PDT"]
[Termination "mattcolins2025 won by resignation"]

1. d4 Nf6 2. c4 g6 3. f3 Bg7 4. e4 d6 5. Nc3 O-O 6. Nge2 c5 7.
d5 e6 8. Ng3 exd5 9. cxd5 a6 10. a4 Nbd7 11. Be2 h5 12. Bg5 Qc7 13. Qd2 Rb8 14.
O-O Ne5 15. f4 Ned7 16. e5 dxe5 17. f5 c4 18. Kh1 b5 19. axb5 axb5 20. Nce4 Nxe4 21.
Nxe4 Nc5 22. Nf6+ Bxf6 23. Bxf6 Ne4 24. Qh6 Nxf6 25. d6 Qb7 26. Bxh5 Nxh5 27. fxg6 f5 28. Qxh5 Qg7 29. Ra3 Rf6 30. g4 Rxg6 31. h3 fxg4 32. Ra7 Bb7+ 33. Kh2 gxh3 34. Rxb7 Rg2+ 35. Kh1 Qxb7 36.
Rf3 Rg3 37. Kh2 Qxf3 38. Qxf3 Rxf3 39. d7 Rd8 40. b3 Rxd7 41. bxc4 Rd2+ 0-1

[Event "*** SCC Grand Prix: Titled Tuesday Blitz"]
[Site "Chess.com"]
[Date "2020.06.02"]
[Round "10"]
[White "HElissalt"]
[Black "Vitor-Moraes"]
[Result "1-0"]
[WhiteElo "2220"]
[BlackElo "2032"]
[TimeControl "180+1"]
[EndTime "11:57:53 PDT"]
[Termination "HElissalt won by resignation"]

1. d4 Nf6 2. c4 e6 3. Nc3 d5 4. cxd5 exd5 5. Bg5 Be7 6. e3 O-O 7.
Bd3 b6 8. Qc2 h6 9. h4 Ba6 10.
Bxf6 Bxf6 11. Nf3 Bxd3 12. Qxd3 Nd7 13. g4 Be7 14. g5 h5 15. Nxd5 Bd6 16. O-O-O c5 17.
Rdg1 cxd4 18. exd4 Rc8+ 19. Kb1 g6 20. Nd2 b5 21.
Ne4 Be7 22. Qxb5 Rb8 23. Qxd7 Qxd7 24. Ndf6+ Kg7 25. Nxd7 Rfd8 26. Nxb8 Rxb8 27. Rd1 Ba3 28. Rd2 Bb4 29. Rd3 Be7 30. d5 Rb6 31. f3 Bf8 32.
Rc1 Kg8 33. Rc6 Rb5 34. d6 Bg7 35. d7 Rb4 36. d8=Q+ Kh7 37. Nf6+ 1-0

[Event "*** SCC Grand Prix: Titled Tuesday Blitz"]
[Site "Chess.com"]
[Date "2020.06.02"]
[Round "10"]
[White "tomasdanada"]
[Black "pitterson"]
[Result "0-1"]
[WhiteElo "2194"]
[BlackElo "2223"]
[TimeControl "180+1"]
[EndTime "11:57:53 PDT"]
[Termination "pitterson won by checkmate"]

1. d3 d6 2. g3 e5 3. Bg2 Nf6 4. c4 Nbd7 5. Nc3 Be7 6. Nf3 O-O 7. O-O c6 8. Rb1 Qc7 9. b4 a6 10. a4 b6 11. e4 Re8 12. h3 Nf8 13. Be3 Ne6 14.
Re1 Bb7 15. Kh2 Rad8 16. d4 c5 17. d5 Nf8 18. bxc5 bxc5 19. Qc2 Rb8 20. Rb3 Ba8 21. Reb1 N8d7 22. Qa2 Rxb3 23. Rxb3 Rb8 24. Qb2 Rxb3 25. Qxb3 Qb6 26. Qa2 Qb4 27. Bd2 Nb6 28. Bf1 Nbd7 29. Ne1 Qb8 30. Nd3 Bd8 31. Nd1 Nxe4 32. Bg2 Nxd2 33. Qxd2 Qb1 34. Ne3 Nb6 35. Be4 Qb3 36. Nf5 Nxc4 37. Nh6+ Kf8 38. Qc1 Na5 39. Bxh7 Qxd5 40.
Nf5 Qg2# 0-1

[Event "*** SCC Grand Prix: Titled Tuesday Blitz"]
[Site "Chess.com"]
[Date "2020.06.02"]
[Round "10"]
[White "Gmedmundo"]
[Black "DLR7"]
[Result "0-1"]
[WhiteElo "2518"]
[BlackElo "2683"]
[TimeControl "180+1"]
[EndTime "11:57:54 PDT"]
[Termination "DLR7 won by resignation"]

1. e4 c5 2. Nf3 Nc6 3. Bb5 g6 4. Bxc6 bxc6 5. O-O Bg7 6. Re1 Nf6 7. e5 Nd5 8. c4 Nc7 9. d4 cxd4 10. Qxd4 O-O 11.
Qh4 f6 12. Bd2 Ne6 13. Bc3 Rb8 14. Nbd2 fxe5 15. Nxe5 c5 16. Rad1 Qe8 17. Ndf3 d6 18. Ng4 h5 19. Bxg7 Kxg7 20. Ne3 Rf4 21. Qg3 Rxb2 22. Ng5 Rfxf2 23. Nf5+ Kh8 24. Nxe6 Rxg2+ 25. Qxg2 Rxg2+ 26. Kxg2 gxf5 27. Kf2 Qf7 28. Ng5 Qxc4 29. Rxe7 Qh4+ 30. Kf1 Ba6+ 0-1

[Event "*** SCC Grand Prix: Titled Tuesday Blitz"]
[Site "Chess.com"]
[Date "2020.06.02"]
[Round "10"]
[White "Muradore"]
[Black "guillembaches"]
[Result "1-0"]
[WhiteElo "2618"]
[BlackElo "2450"]
[TimeControl "180+1"]
[EndTime "11:57:55 PDT"]
[Termination "Muradore won on time"]

1. e4 c5 2. c3 d5 3. d3 e5 4. Qe2 Nc6 5. g3 Nf6 6. Bg2 Be7 7. exd5 Nxd5 8. Nf3 f6 9. O-O O-O 10. a4 Bg4 11. Nbd2 Qd7 12. Nc4 Rad8 13. Qc2 Rfe8 14.
a5 Bf8 15. Re1 Kh8 16. Qb3 Bf5 17. a6 b6 18. Rd1 Nde7 19. Be3 Nd5 20. Ne1 Be6 21. Qb5 Rc8 22. Qa4 Red8 23. Qc2 Nxe3 24.
Nxe3 Nd4 25. cxd4 cxd4 26. Nc4 b5 27. b3 bxc4 28. bxc4 Bb4 29. Rab1 Qd6 30. Bb7 Rc7 31. Qa4 Bc3 32. Nc2 Bd7 33. Qb3 h5 34. h4 Bg4 35.
Rf1 f5 36. Na3 Qg6 37. Nb5 Rf7 38. Nxc3 dxc3 39. Qxc3 f4 40. Qxe5 Rxd3 41. Be4 Bf5 42. Rb8+ Kh7 43. Qe8 1-0

[Event "*** SCC Grand Prix: Titled Tuesday Blitz"]
[Site "Chess.com"]
[Date "2020.06.02"]
[Round "10"]
[White "XiaoKangZhong"]
[Black "gurelediz"]
[Result "0-1"]
[WhiteElo "2439"]
[BlackElo "2594"]
[TimeControl "180+1"]
[EndTime "11:57:56 PDT"]
[Termination "gurelediz won by checkmate"]

1. e4 e6 2. d4 d5 3. Nd2 Nf6 4. e5 Nfd7 5. Bd3 c5 6. c3 Nc6 7.
Ne2 cxd4 8. cxd4 f6 9. Nf4 Nxd4 10. Qh5+ Ke7 11. Ng6+ hxg6 12. exf6+ gxf6 13. Qxh8 Ne5 14. Qh7+ Kd6 15. Bxg6 f5 16. O-O Qf6 17. Be8 Bh6 18. b3 Ne2+ 19. Kh1 Bd7 20. Ba3+ Kc6 21.
Rac1+ Nxc1 22. Bxd7+ Kb6 23. Rxc1 Bxd2 24. Bc5+ Ka6 25.
Bb5+ Ka5 26. Qc7+ b6 27. b4+ Kxb5 28. a4+ Kxa4 29. Rc2 Nc4 30. g3 Kb3 31. Rxd2 Nxd2 32. Qc6 Qa1+ 33. Kg2 Qf1# 0-1

[Event "*** SCC Grand Prix: Titled Tuesday Blitz"]
[Site "Chess.com"]
[Date "2020.06.02"]
[Round "10"]
[White "SergeyKarjakin"]
[Black "OparinGrigoriy"]
[Result "1/2-1/2"]
[WhiteElo "2974"]
[BlackElo "2941"]
[TimeControl "180+1"]
[EndTime "11:57:57 PDT"]
[Termination "Game drawn by repetition"]

1. e4 e5 2. Nf3 Nc6 3. Bc4 Nf6 4. d3 h6 5. c3 g5 6. d4 d6 7. dxe5 dxe5 8. Qxd8+ Nxd8 9. Nxe5 Nxe4 10. O-O Nd6 11.
Bb3 Be6 12. Re1 Bg7 13. f4 O-O 14. fxg5 Bxb3 15. axb3 hxg5 16. Nd7 Re8 17. Rxe8+ Nxe8 18. Nc5 g4 19. Nd2 Nd6 20. Nde4 Nxe4 21. Nxe4 Ne6 22.
Ng3 a6 23. Be3 Rd8 24. Nf5 Kh7 25. Kf2 Kg6 26. Nh4+ Kh7 27. Ke2 Bf6 28. Nf5 Kg6 29.
Ng3 Be5 30. Nf1 f5 31. g3 f4 32. gxf4 Bxf4 33. Ra4 Kf5 34. Ra5+ Kg6 35. Ra4 Kf5 36. Ra5+ Kg6 37. Ra4 1/2-1/2

[Event "*** SCC Grand Prix: Titled Tuesday Blitz"]
[Site "Chess.com"]
[Date "2020.06.02"]
[Round "10"]
[White "mjray79"]
[Black "MrChampion_Coach"]
[Result "1-0"]
[WhiteElo "2319"]
[BlackElo "2426"]
[TimeControl "180+1"]
[EndTime "11:57:57 PDT"]
[Termination "mjray79 won on time"]

1. d4 Nf6 2. c4 g6 3. Nc3 Bg7 4. e4 d6 5. Nge2 O-O 6. Ng3 a6 7.
Be2 c6 8. f4 b5 9. e5 Nfd7 10.
O-O bxc4 11. Bxc4 Nb6 12. Be2 dxe5 13. fxe5 Be6 14. Be3 N8d7 15. Bf2 Rb8 16. Bf3 Nd5 17.
Qc2 Qb6 18. Rab1 Rfc8 19. Nge4 Nb4 20. Qe2 Nxa2 21. d5 cxd5 22. Bxb6 dxe4 23. Bxe4 Rxb6 24. Nd5 Bxd5 25. Bxd5 Nxe5 26. Bxa2 e6 27. b4 Rcb8 28.
Qe4 h5 29. Rfc1 R8b7 30. Rc5 Ng4 31. h3 Nf6 32. Qf4 Kh7 33. g4 hxg4 34. hxg4 Nd7 35. Rc7 Be5 36. Qxf7+ Kh6 37. Rxd7 Bd4+ 38. Kg2 Rxd7 39.
Qxd7 Bf6 40. Qd2+ Kg7 41. g5 1-0

[Event "*** SCC Grand Prix: Titled Tuesday Blitz"]
[Site "Chess.com"]
[Date "2020.06.02"]
[Round "10"]
[White "BelaKis"]
[Black "Boninknights"]
[Result "1-0"]
[WhiteElo "2227"]
[BlackElo "2379"]
[TimeControl "180+1"]
[EndTime "11:57:58 PDT"]
[Termination "BelaKis won on time"]

1. Nf3 Nf6 2. g3 g6 3. Bg2 Bg7 4. O-O O-O 5. c4 c5 6. Nc3 d6 7. a3 Nc6 8. Rb1 a5 9. Ne1 Be6 10. Nd5 Rb8 11. Nc2 Ne5 12. d3 b5 13.
Nxf6+ Bxf6 14. cxb5 Rxb5 15. b4 axb4 16. axb4 Qb8 17. Bh6 Rc8 18. bxc5 Rcxc5 19. Rxb5 Rxb5 20. Nd4 Rb2 21. Nxe6 fxe6 22. Bh3 Kf7 23. Bc1 Ra2 24. d4 Nc4 25. d5 e5 26. Bh6 Bg7 27. Be6+ Kf8 28.
Qc1 Qb3 29. Bxg7+ Kxg7 30. Qg5 Rxe2 31. Qxe7+ Kh6 32. h4 Qf3 33. Qg5+ Kg7 34. Qe7+ Kh6 35. Qg5+ Kg7 36. Bg4 Qd3 37. h5 Re4 38. h6+ Kf7 39.
Be6+ Ke8 40. Qf6 Nb6 41. Qh8+ 1-0

[Event "*** SCC Grand Prix: Titled Tuesday Blitz"]
[Site "Chess.com"]
[Date "2020.06.02"]
[Round "10"]
[White "wonderfultime"]
[Black "AlexSuv"]
[Result "0-1"]
[WhiteElo "2970"]
[BlackElo "2849"]
[TimeControl "180+1"]
[EndTime "11:57:59 PDT"]
[Termination "AlexSuv won by resignation"]

1. d4 Nf6 2. Nf3 e6 3. Bf4 b6 4.
e3 Bb7 5. Bd3 d6 6. h3 Nbd7 7.
O-O Qe7 8. Bh2 g6 9. a4 a6 10.
Qe2 Bg7 11. e4 e5 12. Nbd2 O-O 13. c3 Rfe8 14. Rfe1 Nh5 15. Qe3 c5 16. dxe5 Nxe5 17. Nxe5 Bxe5 18. f4 Bg7 19. Nc4 b5 20. Nb6 Rab8 21.
axb5 axb5 22. Bxb5 Red8 23. Bc4 Kh8 24. Ra7 Qe8 25.
Nd5 Bxd5 26. Bxd5 Rxb2 27. Bxf7 Qf8 28. e5 dxe5 29. fxe5 Rdd2 30. Qf3 Qd8 31. Rea1 Rxg2+ 32. Qxg2 Rxg2+ 33. Kxg2 Qd2+ 34. Kh1 Bh6 35. Ra8+ Kg7 36. Bc4 Bf4 37. R8a7+ Kh6 38. R7a2 Qxc3 39. Bxf4+ Nxf4 40. Bf1 Qxe5 41. Rc1 Qe4+ 42. Bg2 Nxg2 43. Rxg2 c4 44. Kh2 Qf4+ 0-1

[Event "*** SCC Grand Prix: Titled Tuesday Blitz"]
[Site "Chess.com"]
[Date "2020.06.02"]
[Round "10"]
[White "rpragchess"]
[Black "AndrewMaco"]
[Result "0-1"]
[WhiteElo "2842"]
[BlackElo "2660"]
[TimeControl "180+1"]
[EndTime "11:57:59 PDT"]
[Termination "AndrewMaco won by resignation"]

1. Nf3 Nf6 2. g3 d5 3. Bg2 e6 4. O-O Be7 5. d3 O-O 6. Nbd2 c5 7. e4 Nc6 8. Re1 Qc7 9. Nf1 b5 10. e5 Nd7 11. Bf4 Bb7 12. h4 Rfc8 13. N1h2 Qd8 14. Ng4 h6 15. Qd2 Bf8 16. c3 a5 17.
Nfh2 Ne7 18. Nxh6+ gxh6 19. Bxh6 Bxh6 20. Qxh6 Nf5 21.
Qf4 Qf8 22. Ng4 Qg7 23. c4 bxc4 24. dxc4 Nd4 25. cxd5 Bxd5 26. Nf6+ Nxf6 27. exf6 Qh7 28. Re5 Rd8 29. Qg4+ Kf8 30. Rh5 Qg8 31. Rg5 Qh8 32. Rg7 Bxg2 33. Kxg2 Nf5 34. Rg5 Qxf6 35. Re1 Rd2 36.
Qf4 Nxh4+ 37. Qxh4 Qxf2+ 38. Kh3 Qg2+ 39. Kg4 Rd4+ 40.
Kh5 Rxh4+ 41. gxh4 Qxb2 42. a3 Ke7 43. a4 Qd4 44.
Rxe6+ Kxe6 45. Rg7 Rh8+ 0-1

[Event "*** SCC Grand Prix: Titled Tuesday Blitz"]
[Site "Chess.com"]
[Date "2020.06.02"]
[Round "10"]
[White "Chessmatus"]
[Black "XDPS"]
[Result "0-1"]
[WhiteElo "2536"]
[BlackElo "2679"]
[TimeControl "180+1"]
[EndTime "11:57:59 PDT"]
[Termination "XDPS won by resignation"]

1. e4 e5 2. Nf3 Nc6 3. Bb5 a6 4. Ba4 d6 5. O-O Bd7 6. d4 Nxd4 7.
Bxd7+ Qxd7 8. Nxd4 exd4 9. Qxd4 Nf6 10. Nc3 Be7 11. h3 O-O 12. Be3 c6 13. Rad1 Rad8 14. e5 Ne8 15. exd6 Nxd6 16. Rfe1 Qc8 17. Qf4 Nf5 18.
Bb6 Rxd1 19. Rxd1 Qe6 20. Ne4 Nh4 21. Ng5 Qe2 22. Rf1 Ng6 23. Qf5 Bxg5 24. Qxg5 Qxc2 25. Bd4 Re8 26. Bc3 h6 27. Qg4 Qe4 28. Qd7 Re7 29.
Qc8+ Kh7 30. Qf8 Nxf8 0-1

[Event "*** SCC Grand Prix: Titled Tuesday Blitz"]
[Site "Chess.com"]
[Date "2020.06.02"]
[Round "10"]
[White "DaggiGretarsson"]
[Black "GM_LOADING"]
[Result "0-1"]
[WhiteElo "2656"]
[BlackElo "2489"]
[TimeControl "180+1"]
[EndTime "11:58:00 PDT"]
[Termination "GM_LOADING won on time"]

1. d4 Nf6 2. c4 e6 3. Nc3 Bb4 4.
Qc2 Nc6 5. Nf3 d6 6. a3 Bxc3+ 7.
Qxc3 O-O 8. e3 e5 9. d5 Ne7 10. h3 Ng6 11. Qc2 Bd7 12. Be2 Qc8 13.
e4 a5 14. b3 c6 15. dxc6 Bxc6 16. Bd3 b6 17. O-O Nh5 18. Re1 Qb7 19. a4 Ngf4 20. Bf1 f5 21. Nd2 Rf6 22. g3 Ne6 23. Bb2 Raf8 24.
Be2 fxe4 25. Bxh5 Rxf2 26. Re3 Nd4 27. Qd1 Qe7 28. Bc1 Qg5 29. Nxe4 Bxe4 0-1

[Event "*** SCC Grand Prix: Titled Tuesday Blitz"]
[Site "Chess.com"]
[Date "2020.06.02"]
[Round "10"]
[White "Logman74"]
[Black "robertofabregas"]
[Result "1-0"]
[WhiteElo "2366"]
[BlackElo "2082"]
[TimeControl "180+1"]
[EndTime "11:58:00 PDT"]
[Termination "Logman74 won on time"]

1. e4 c5 2. Nf3 d6 3. Bb5+ Bd7 4. a4 Nc6 5. O-O a6 6. Bxc6 Bxc6 7. Qe2 g6 8. d4 cxd4 9. Nxd4 Bg7 10. Nxc6 bxc6 11.
Nc3 Nf6 12. Bg5 Qc7 13. Rad1 O-O 14. Qc4 Rfc8 15. Rfe1 Nd7 16. Qe2 Nc5 17. Qe3 Rab8 18. b3 Rb4 19. Bh6 Bf6 20. f4 Ne6 21. e5 dxe5 22. fxe5 Bg7 23. Bxg7 Kxg7 24. Kh1 Rd8 25. Rxd8 Qxd8 26. Rd1 Qc7 27. Kg1 Rh4 28. h3 Rh5 29.
Re1 c5 30. Nd5 Qb7 31. c4 Rf5 32. Qe4 Nd4 33. b4 Ne6 34. b5 axb5 35. axb5 Nd4 36. b6 Qa8 37. Nxe7 Qxe4 38. Rxe4 1-0

[Event "*** SCC Grand Prix: Titled Tuesday Blitz"]
[Site "Chess.com"]
[Date "2020.06.02"]
[Round "10"]
[White "FabianoCaruana"]
[Black "Gloomy_Wanderer"]
[Result "1-0"]
[WhiteElo "3005"]
[BlackElo "2796"]
[TimeControl "180+1"]
[EndTime "11:58:03 PDT"]
[Termination "FabianoCaruana won by resignation"]

1. d4 Nf6 2. Nf3 e6 3. Bg5 h6 4. Bxf6 Qxf6 5. e4 d6 6. c3 a6 7. Nbd2 g6 8. Bd3 Bg7 9. Qe2 Nd7 10. O-O O-O 11. h3 e5 12. Nc4 Re8 13. Ne3 Nb6 14. a4 a5 15. dxe5 dxe5 16. Rfd1 Bf8 17. Nd2 Bc5 18. Nb3 Bf8 19. c4 Be6 20. Nd5 Bxd5 21.
cxd5 Bd6 22. Rac1 Rf8 23. Nc5 Ra7 24. b3 Qe7 25. Qe3 Qg5 26. Qxg5 hxg5 27. Bb5 Rd8 28. Rd3 Kg7 29. Rg3 Kh6 30. Nd3 Nc8 31. Ne1 Ne7 32.
Nf3 f6 33. h4 gxh4 34. Nxh4 Raa8 35. Rgc3 Rac8 36. g3 Kg7 37. Kg2 f5 38. Bd3 Kf6 39. Bb1 Rh8 40. exf5 gxf5 41. Rf3 f4 42.
Be4 Rcg8 43. Kf1 Rg5 44. Ke2 Kg7 45. Rfc3 fxg3 46. fxg3 Rf8 47. Rxc7 Bxc7 48. Rxc7 Rf7 49. d6 Nc6 50. Bxc6 bxc6 51. d7 Rxd7 52. Rxd7+ Kf6 53. Kf3 e4+ 54. Kf4 Rd5 55. Rxd5 cxd5 56. Nf5 1-0

[Event "*** SCC Grand Prix: Titled Tuesday Blitz"]
[Site "Chess.com"]
[Date "2020.06.02"]
[Round "10"]
[White "seorobert1971"]
[Black "Balla_Tamas"]
[Result "1/2-1/2"]
[WhiteElo "2639"]
[BlackElo "2498"]
[TimeControl "180+1"]
[EndTime "11:58:03 PDT"]
[Termination "Game drawn by repetition"]

1. d4 Nf6 2. c4 g6 3. Nc3 Bg7 4. e4 O-O 5. Be3 d6 6. f3 c5 7. Nge2 Nc6 8. d5 Ne5 9. Ng3 h5 10. Be2 h4 11. Nf1 a6 12. a4 Nh7 13. f4 Nd7 14. Nd2 f5 15. O-O Ndf6 16. Qc2 Ng4 17. Bxg4 fxg4 18. a5 b6 19. axb6 Qxb6 20. Na4 Qc7 21.
Rab1 Rb8 22. b3 Bd7 23. Nc3 Rb6 24. f5 gxf5 25. exf5 Qc8 26. Na4 Rb7 27. Ne4 Bxf5 28. Rbe1 Nf6 29. Nxf6+ Rxf6 30. Qd1 Qf8 31. Bg5 Rf7 32.
Kh1 h3 33. Qe2 hxg2+ 34. Qxg2 Bd4 35. Rf4 Be5 36. Rxg4 Bxg4 37. Qxg4 Rg7 38. Qe6+ Kh7 39. Qh6+ Kg8 40. Qe6+ Kh7 41. Qh6+ Kg8 42. Qe6+ 1/2-1/2

[Event "*** SCC Grand Prix: Titled Tuesday Blitz"]
[Site "Chess.com"]
[Date "2020.06.02"]
[Round "10"]
[White "Sunnika"]
[Black "Haykoooo0o"]
[Result "1/2-1/2"]
[WhiteElo "2421"]
[BlackElo "2560"]
[TimeControl "180+1"]
[EndTime "11:58:04 PDT"]
[Termination "Game drawn by repetition"]

1. d4 Nf6 2. Nf3 g6 3. c3 Bg7 4. Bg5 O-O 5. Nbd2 d5 6. e3 c5 7. Be2 Nc6 8. h3 cxd4 9. exd4 h6 10. Bf4 Ne4 11. O-O Nxd2 12. Qxd2 Qb6 13. Bxh6 Bf5 14.
Bxg7 Kxg7 15. Rfe1 Qc7 16. Bd3 Bxd3 17. Qxd3 e6 18.
h4 Rh8 19. g3 a6 20. Kg2 b5 21. a3 Rh5 22. Re2 Rb8 23. Rae1 a5 24. b4 a4 25.
Ng5 Nd8 26. Nh3 Rh8 27. Nf4 Qc4 28. Qxc4 bxc4 29. Rb2 Nc6 30. Reb1 Na7 31. b5 Rb6 32. Rb4 Rhb8 33. Rxa4 Nxb5 34. Rab4 R6b7 35. a4 Nd6 36. Rxb7 Rxb7 37. Rxb7 Nxb7 38. g4 Kh6 39. h5 gxh5 40.
gxh5 Kg5 41. Kf3 Na5 42. Ke3 Nc6 43. Ke2 Kh6 44. Kd1 Kg5 45. Kc2 Kh6 46. Kb2 Kg5 47.
Ka3 Kh6 48. Kb2 Kg5 49. Ka3 Kh6 50. Kb2 1/2-1/2

[Event "*** SCC Grand Prix: Titled Tuesday Blitz"]
[Site "Chess.com"]
[Date "2020.06.02"]
[Round "10"]
[White "SketchyMoves"]
[Black "Sharpchess22"]
[Result "0-1"]
[WhiteElo "2648"]
[BlackElo "2745"]
[TimeControl "180+1"]
[EndTime "11:58:05 PDT"]
[Termination "Sharpchess22 won by resignation"]

1. e4 c6 2. Bc4 d5 3. Bb3 dxe4 4.
Qh5 g6 5. Qh4 Nf6 6. Nc3 Nbd7 7.
f3 exf3 8. Nxf3 Nc5 9. O-O Nxb3 10. axb3 Bg7 11. d4 h6 12. h3 Bf5 13. Qf2 O-O 14. Qh4 g5 15. Qf2 Bg6 16. Ne5 Nd5 17.
Re1 Nb4 18. Ne4 Bh7 19. Ra4 a5 20. Nf3 b5 21. Ra1 Qd5 22. Nc3 Qf5 23. Ne4 Rfd8 24. Qe2 Qxe4 25. Qxe4 Bxe4 26. Rxe4 Nxc2 27. Rb1 e6 28.
Bd2 Nxd4 29. Nxd4 Rxd4 30. Re2 a4 31. Bc3 axb3 32. Bxd4 Bxd4+ 33. Kh2 c5 34. Rd1 e5 35. g3 c4 36. Kg2 Ra2 37. Rdd2 Kg7 38. g4 Kg6 39.
Kf3 f5 40. gxf5+ Kxf5 41. Kg3 b4 42. Kf3 h5 43. Kg3 h4+ 44. Kf3 Ra1 45. Rg2 Rb1 46. Rge2 c3 47. bxc3 bxc3 48. Rd3 c2 49. Rc3 Bxc3 0-1

[Event "*** SCC Grand Prix: Titled Tuesday Blitz"]
[Site "Chess.com"]
[Date "2020.06.02"]
[Round "10"]
[White "yonaltimur"]
[Black "mirochka"]
[Result "0-1"]
[WhiteElo "1556"]
[BlackElo "2159"]
[TimeControl "180+1"]
[EndTime "11:58:05 PDT"]
[Termination "mirochka won by checkmate"]

1. e4 c5 2. Nf3 Nc6 3. Bb5 e6 4. O-O Nge7 5. b3 a6 6. Bxc6 Nxc6 7. Bb2 d6 8. d4 cxd4 9. Nxd4 Qc7 10. c4 b6 11. Nc3 Bb7 12. Nxc6 Bxc6 13. Re1 Be7 14. Qg4 Bf6 15. Nd5 Bxd5 16. Bxf6 gxf6 17. exd5 e5 18. Qf5 Ke7 19. Rac1 a5 20. a3 Qc5 21. Rc3 Rhg8 22. Rf3 Rg6 23. Kf1 Qxa3 24. h4 h5 25. Qxh5 a4 26. bxa4 Qxa4 27. Kg1 Qxc4 28. Qf5 Rag8 29. g3 Qxd5 30. Kh2 Rh6 31. Rb1 Qc6 32. Rfb3 Rxh4+ 33. Qh3 Rxh3+ 34. Kxh3 Rh8+ 35. Kg4 Qe4+ 36. f4 f5+ 37. Kg5 f6+ 38. Kg6 Rg8+ 39. Kh7 Qd5 40.
Rxb6 Qf7+ 41. Kh6 Rh8# 0-1